 Dungeon Crawl Stone Soup version bcrawl-1.37.2 (webtiles) character file.

Game seed: 4253493639070526551

447029 gabibbone the Carver (level 13, -5/118 HPs)
             Began as a Djinni Reaver on Nov 18, 2022.
             Was a High Priest of Vehumet.
             Slain by an alligator (7 damage)
             ... on level 6 of the Lair of Beasts on Dec 19, 2022.
             The game lasted 00:47:16 (16366 turns).

gabibbone the Carver (Djinni Reaver)               Turns: 16366, Time: 00:47:16

Health: -5/118     AC:  9    Str: 16    XL:     13   Next: 58%
Magic:  48/48      EV: 15    Int: 20    God:    Vehumet [*****.]
Gold:   1390       SH:  2    Dex:  9    Spells: 6/28 levels left

rFire    + . .     GDR:     21% F - +2 long sword (flame)
rCold    . . .     SeeInvis .   (no shield)
rNeg     + . .     Gourm    .   H - +2 troll leather armour
rPois    .         Faith    .   J - +2 hat
rElec    .         Spirit   .   I - +0 cloak
rCorr    .         Reflect  .   (no gloves)
MR       +....     Rnd*Rage +   (boots unavailable)
Stlth    +.........             u - macabre finger necklace {rN+}
HPRegen  0.69/turn              M - ring of magical power
MPRegen  0.31/turn              m - ring of magical power
                                (no ring)

@: flying, starving
A: never pass out, berserk 2, blink, blurry vision 2, fire resistance 1, high mp
2, wild magic 3, disrupted magic 1, MP-powered wands, floating
a: Blink, Renounce Religion


You were on level 6 of the Lair of Beasts.
You worshipped Vehumet.
Vehumet was extremely pleased with you.
You were starving.

You visited 2 branches of the dungeon, and saw 16 of its levels.

You collected 1390 gold pieces.


Innate Abilities, Weirdness & Mutations

You never pass out after going berserk.
You often lose your temper in combat.
You can translocate small distances at will.
Scrolls take you longer to read.
Your flesh is heat resistant. (rF+)
You have a considerably increased reservoir of magic. (+20% MP)
Your spells are much harder to cast, but much more powerful.
Your casting is slightly disrupted.
You expend magic power (3 MP) to strengthen your wands.
Your body floats in the air.


   Skills:
 + Level 12.1 Fighting
 - Level 14.3 Long Blades
 + Level 10.8 Dodging
 - Level 8.0 Spellcasting
 + Level 11.6 Conjurations
 + Level 4.5 Ice Magic
 - Level 5.0 Air Magic


You had 6 spell levels left.
You knew the following spells:

 Your Spells              Type           Power        Failure   Level  Hunger
a - Airstrike             Air            ######....   13%         4    ###....
i - Iskenderun's Battles  Conj/Chrm      ######..     21%         5    #####..
m - Mephitic Cloud        Conj/Pois/Air  ######..     5%          3    None
z - Magic Dart            Conj           ####         1%          1    None
X - Iskenderun's Mystic   Conj           #######.     1%          3    None
Z - Bolt of Cold          Conj/Ice       ######....   34%         6    ######.

Your spell library contained the following spells:

 Spells                   Type           Power        Failure   Level  Hunger
 Conjure Flame            Conj/Fire      ######..     5%          3    None
 Poisonous Vapours        Pois/Air       ####..       26%         2    None
 Freezing Cloud           Ice/Air        ######..     28%         5    #####..
 Necrotize                Necr           ###...       38%         1    None
 Blink                    Tloc           N/A          47%         2    None
 Call Imp                 Summ           ###...       47%         2    None
 Spider Form              Tmut/Pois      ###          65%         3    None
 Steam Barrier            Chrm/Fire      ###.......   99%         5    #####..

Inventory:

Hand Weapons
 a - a +2 long sword of freezing
 r - the +1 long sword "Tetugg" {slice, rElec rN+++ Str+2 Int-2}
   (You found it on level 8 of the Dungeon)

   It will always inflict at least some extra damage.
   This minimum extra damage increases with your current reserve of magical
   power.
   It affects your strength (+2).
   It affects your intelligence (-2).
   It insulates you from electricity.
   It renders you almost immune to negative energy.
 F - a +2 long sword of flaming (weapon)
Missiles
 n - a throwing net {=f=f}
Armour
 b - +1 steam dragon scales
 g - a +0 medium shield
 y - a +1 leather armour of poison resistance
 H - a +2 troll leather armour (worn)
 I - a +0 cloak (worn)
 J - a +2 hat (worn)
Jewellery
 m - a ring of magical power (right hand)
 u - the macabre finger necklace (around neck) {rN+}
   (You found it on level 4 of the Dungeon)

   [amulet of nothing]

   It protects you from negative energy.
 M - a ring of magical power (left hand)
Wands
 q - a wand of polymorph (19)
 s - a wand of iceblast (16)
 x - a wand of random effects (17)
 D - a wand of clouds (5)
 G - a wand of flame (76)
 N - a wand of acid (6)
Scrolls
 d - a scroll of immolation
 h - 5 scrolls of magic mapping
 i - 4 scrolls of identify {@r1}
 j - 4 scrolls of amnesia
 v - 4 scrolls of blinking
 w - 9 scrolls of remove curse
 z - 5 scrolls of teleportation {@r2}
 K - 3 scrolls of fog
 L - 3 scrolls of enchant weapon
 O - a scroll of fear
Potions
 c - 2 potions of haste {@q3}
 f - a potion of cancellation
 k - 4 potions of flight
 l - 2 potions of invisibility
 o - 2 potions of lignification
 p - 3 potions of curing {@q1}
 t - 3 potions of agility
 C - 3 potions of might
 P - 2 potions of ambrosia
 R - a potion of brilliance
Miscellaneous
 B - a lightning rod (4/4)
 E - a sack of spiders
 Q - a phantom mirror
Comestibles
 e - 22 rations {!d}

Dungeon Overview and Level Annotations

Branches:
Dungeon (10/12)            Temple (0/1) D:7            Lair (6/6) D:8
 Shoals (0/3) Lair:4       Spider (0/3) Lair:2        Slime (0/5) Lair:5
    Orc: D:8-11

Altars:
Dithmenos
Fedhas
Hepliaklqana
Nemelex Xobeh
Ru
Sif Muna
Trog
Uskayaw
Wu Jian
The Shining One
Jiyva

Annotations:
D:4 1 runed translucent door, tronn's ghost, amateur GnFi
D:8 2 transporters

### .. ####.####
#..#.#...#.### ...
#.......%....## ...
#.....†.†.....## ....
##.#....#.#.†..# .....
##.##.#.##..# ##†.. #
#########%.###h%.## #
####.#...#÷..@#hh..##.
####...#........#thh.....
P#............#.#hh..###.
..#.....#.#.#.##P#...%#
..P#...##########P#..##
P..P#### ###.# ....## ##
....P## ..P..P##


You could see an alligator, 3 polar bears and a black bear.


Message History

You feel your power returning.
You hit the alligator but do no damage. The alligator closely misses you.
The alligator misses you.
You hit the alligator. You burn the alligator.
The alligator is lightly wounded.
The alligator misses you. The alligator tail-slaps you.
* * * LOW HITPOINT WARNING * * *
You hit the alligator. You burn the alligator.
The alligator is lightly wounded.
The alligator bites you.
* * * LOW HITPOINT WARNING * * *
The alligator tail-slaps you but does no damage.
You closely miss the alligator.
The alligator is lightly wounded.
You hit the alligator. You burn the alligator.
The alligator is lightly wounded.
The alligator bites you!
* * * LOW HITPOINT WARNING * * *
You block the alligator's attack.
You feel much better. The alligator bites you!!
* * * LOW HITPOINT WARNING * * *
The alligator tail-slaps you.
* * * LOW HITPOINT WARNING * * *
You hit the alligator but do no damage.
The alligator is lightly wounded.
The alligator closely misses you. The alligator tail-slaps you!
* * * LOW HITPOINT WARNING * * *
Your blurry vision makes reading the scroll take longer!
The alligator misses you. The alligator tail-slaps you!
You die...

Skill      XL: |  1  2  3  4  5  6  7  8  9 10 11 12 13 |
---------------+----------------------------------------+-----
Long Blades    | 4 5 6 14 | 14.3
Spellcasting   | 4 5 6 8 |  8.0
Conjurations   | 1 2 3 5 6 8 10 11 | 11.6
Fighting       | 4 6 7 9 11 12 | 12.1
Dodging        | 4 6 8 10 | 10.8
Air Magic      | 3 5 |  5.0
Ice Magic      | 1 4 |  4.5

Action                   |  1- 3 |  4- 6 |  7- 9 | 10-12 | 13-15 || total
-------------------------+-------+-------+-------+-------+-------++-------
Melee: Long sword        |   111 |   118 |   228 |   286 |   133 ||   876
 Cast: Magic Dart        |       |    14 |    53 |    10 |    13 ||    90
       Sandblast         |       |    10 |     7 |       |       ||    17
       Iskenderun's Myst |       |       |    84 |   205 |    89 ||   378
       Bolt of Draining  |       |       |     1 |     1 |       ||     2
       Airstrike         |       |       |       |    15 |       ||    15
       Mephitic Cloud    |       |       |       |     7 |       ||     7
       Iskenderun's Batt |       |       |       |     4 |    12 ||    16
       Bolt of Cold      |       |       |       |       |     1 ||     1
 Abil: Blink             |       |     1 |       |     8 |     9 ||    18
  Use: Scroll            |     4 |     5 |     9 |     8 |       ||    26
       Potion            |       |     1 |     2 |     1 |     4 ||     8
 Stab: Sleeping          |       |       |     1 |       |       ||     1
       Confused          |       |       |       |     1 |       ||     1
  Eat: Chunk             |     3 |    10 |    10 |    24 |     9 ||    56
       Ration            |       |     1 |     2 |     2 |     1 ||     6
Armor: Steam dragon scal |    26 |    40 |    48 |    28 |       ||   142
       Troll leather arm |       |       |       |    35 |    48 ||    83
Dodge: Dodged            |    49 |    67 |    94 |   170 |   110 ||   490
Block: Other             |       |       |    12 |    21 |    10 ||    43

Levels and vault maps discovered:
D:1:      tarquinn_simple_flora_water_a, layout_loops_ring
D:2:      layout_basic, riverfiend_overflow_shadow_ancestor, uniq_robin
D:3:      layout_basic, gammafunk_temple_overflow_arena,
          nicolae_uskayaw_dance_studio, trog_book
D:4:      layout_basic, kennysheep_mini_moat, ebering_ghost_inner_flame
D:5:      layout_loops_corners, old_standard_altar, first_ration, st_stairs_9,
          hangedman_decor_slide_cut, nicolae_figureground_sparkle, uniq_duvessa
D:6:      layout_cave_pools
D:7:      layout_basic, minmay_temple_entry_antechambers
D:8:      gammafunk_wand_slinger, layout_loops_ring,
          nicolae_overflow_hidden_temple, nemelex_xobeh_ov_fountains_minmay,
          erik_lair_orcish_takeover, led_sif_book
D:9:      layout_rooms, lemuel_crystal_altar
D:10:     layout_gridville, minmay_orc_entry_temple_small, serial_bayou,
          serial_bayou_pond_b, serial_bayou_lake_a, serial_bayou_lagoon_a,
          serial_bayou_pond_e, serial_bayou_pond_c
Lair:1:   layout_long_grid, serial_bayou_pond_b, st_stairs_5, lemuel_fruit_tree,
          grunt_megastairs_3, uniq_gastronok
Lair:2:   layout_misc_corridors, nicolae_spider_entry_non_spiders,
          chequers_serial_rivers_large_b, roderic_carrion_pond, uniq_harold
Lair:3:   layout_hall_layers
Lair:4:   layout_gridlike, minmay_shoals_entry_beasts, amcnicky_mini_pool_medium
Lair:5:   layout_regular_city, slime_altar_1, serial_bayou_crossing,
          lemuel_fruit_fields, infiniplex_staircase_pool_2
Lair:6:   hangedman_lair_caniforms_friends, layout_gridlike, minivault_24

Notes
Turn   | Place    | Note
-------+----------+-------------------------------------------
     0 | D:1      | gabibbone the Djinni Reaver began the quest for the Orb.
     0 | D:1      | Reached XP level 1. HP: 19/19 MP: 4/4
    57 | D:1      | Reached XP level 2. HP: 26/26 MP: 6/6
    67 | D:1      | Reached skill level 4 in Long Blades
   445 | D:1      | Reached XP level 3. HP: 6/31 MP: 7/7
   656 | D:1      | Reached skill level 5 in Long Blades
   685 | D:1      | Reached * piety under Vehumet
   685 | D:1      | Offered knowledge of Sandblast by Vehumet.
   690 | D:1      | Learned a level 1 spell: Sandblast
  1179 | D:2      | Noticed Robin
  1198 | D:2      | Gained mutation: Your spells are harder to cast, but more
                  | powerful. [Djinni growth]
  1198 | D:2      | Gained mutation: You can translocate small distances at
                  | will. [Djinni growth]
  1198 | D:2      | Reached XP level 4. HP: 38/38 MP: 9/9
  1220 | D:2      | Killed Robin
  1475 | D:2      | Found a shadowy altar of Dithmenos.
  1475 | D:2      | Noticed a shadow
  1476 | D:2      | Found a hazy altar of Hepliaklqana.
  1598 | D:2      | Reached skill level 4 in Spellcasting
  1658 | D:2      | Reached ** piety under Vehumet
  1658 | D:2      | Offered knowledge of Magic Dart by Vehumet.
  1664 | D:2      | Learned a level 1 spell: Magic Dart
  2119 | D:3      | Found a transporter.
  2154 | D:3      | Found a glowing golden altar of the Shining One.
  2163 | D:3      | Found a transporter.
  2175 | D:3      | Reached XP level 5. HP: 45/45 MP: 8/11
  2660 | D:3      | Found a bloodstained altar of Trog.
  2710 | D:3      | Found a hide-covered altar of Uskayaw.
  2719 | D:3      | Reached skill level 6 in Long Blades
  2719 | D:3      | Reached skill level 5 in Spellcasting
  2719 | D:3      | Reached skill level 1 in Conjurations
  3191 | D:3      | Reached XP level 6. HP: 45/51 MP: 13/13
  3279 | D:4      | Identified a potion of experience
  3279 | D:4      | Reached skill level 14 in Long Blades
  3279 | D:4      | Reached XP level 7. HP: 57/57 MP: 14/14
  3382 | D:4      | Reached skill level 2 in Conjurations
  3438 | D:4      | Found a runed translucent door.
  3438 | D:4      | Noticed tronn's ghost (amateur GnFi)
  3473 | D:4      | Found the macabre finger necklace {rN+}
  3636 | D:4      | Offered knowledge of Shock by Vehumet.
  3646 | D:4      | Found a blossoming altar of Fedhas.
  4136 | D:5      | Entered Level 5 of the Dungeon
  4286 | D:5      | Found an ornate altar of the Wu Jian Council.
  4501 | D:5      | Gained mutation: Your spells are much harder to cast, but
                  | much more powerful. [Djinni growth]
  4501 | D:5      | Reached XP level 8. HP: 66/66 MP: 16/16
  4557 | D:5      | Learned a level 5 spell: Iskenderun's Battlesphere
  4623 | D:5      | Reached skill level 6 in Spellcasting
  4654 | D:5      | Reached skill level 4 in Fighting
  4764 | D:5      | Reached *** piety under Vehumet
  4765 | D:5      | Reached skill level 3 in Conjurations
  5197 | D:5      | Noticed Duvessa
  5198 | D:5      | Noticed Dowan
  5211 | D:5      | Killed Duvessa
  5222 | D:5      | Killed Dowan
  5617 | D:6      | Offered knowledge of Iskenderun's Mystic Blast by Vehumet.
  5622 | D:6      | Learned a level 3 spell: Iskenderun's Mystic Blast
  6282 | D:7      | Reached XP level 9. HP: 72/72 MP: 19/19
  6371 | D:7      | Reached **** piety under Vehumet
  6437 | D:7      | Reached skill level 7 in Spellcasting
  6603 | D:7      | Reached skill level 4 in Conjurations
  6714 | D:7      | Reached skill level 5 in Fighting
  6757 | D:7      | Offered knowledge of Bolt of Draining by Vehumet.
  6768 | D:7      | Learned a level 5 spell: Bolt of Draining
  6895 | D:7      | Found a staircase to the Ecumenical Temple.
  6939 | D:7      | Reached skill level 4 in Dodging
  7611 | D:8      | Found a sacrificial altar of Ru.
  7619 | D:8      | Reached skill level 8 in Spellcasting
  7619 | D:8      | Reached skill level 5 in Conjurations
  7655 | D:8      | Got a transparent long sword
  7656 | D:8      | Identified the cursed +1 long sword "Tetugg" {slice, rElec
                  | rN+++ Str+2 Int-2} (You found it on level 8 of the Dungeon)
  7667 | D:8      | Identified a +1 robe of resistance
  7699 | D:8      | Reached skill level 6 in Fighting
  7730 | D:8      | Reached XP level 10. HP: 60/83 MP: 22/22
  7735 | D:8      | Reached skill level 5 in Dodging
  7742 | D:8      | Found a staircase to the Lair.
  7793 | D:8      | Found a shimmering blue altar of Sif Muna.
  7813 | D:8      | Identified Sif Muna's Volume of Evil Rites
  7900 | D:8      | Found a sparkling altar of Nemelex Xobeh.
  7911 | D:8      | Found a transporter.
  7944 | D:8      | Found a transporter.
  7945 | D:8      | Noticed a fire crab
  8437 | D:9      | Reached ***** piety under Vehumet
  8437 | D:9      | Offered knowledge of Airstrike by Vehumet.
  8443 | D:9      | Learned a level 3 spell: Mephitic Cloud
  8448 | D:9      | Learned a level 4 spell: Airstrike
  8525 | D:9      | Found a bloodstained altar of Trog.
  8866 | D:10     | Entered Level 10 of the Dungeon
  8917 | D:10     | Reached skill level 6 in Conjurations
  8972 | D:10     | Reached skill level 1 in Air Magic
  9402 | D:10     | Reached skill level 7 in Fighting
  9402 | D:10     | Reached skill level 2 in Air Magic
  9716 | Lair:1   | Entered Level 1 of the Lair of Beasts
  9793 | D:8      | Reached skill level 6 in Dodging
  9808 | D:8      | Reached skill level 3 in Air Magic
 10234 | Lair:1   | Reached XP level 11. HP: 92/92 MP: 23/23
 10414 | Lair:1   | Reached skill level 7 in Conjurations
 10421 | Lair:1   | Reached skill level 4 in Air Magic
 10577 | Lair:1   | Reached skill level 8 in Fighting
 10863 | Lair:1   | Noticed Gastronok
 10883 | Lair:1   | Killed Gastronok
 10884 | Lair:1   | Reached skill level 9 in Fighting
 10884 | Lair:1   | Reached skill level 7 in Dodging
 10884 | Lair:1   | Reached skill level 8 in Conjurations
 10884 | Lair:1   | Reached skill level 5 in Air Magic
 11182 | Lair:2   | Noticed Harold
 11393 | Lair:2   | Killed Harold
 11394 | Lair:2   | Reached skill level 8 in Dodging
 11521 | Lair:2   | Gained mutation: Your casting is slightly disrupted.
                  | [Djinni growth]
 11521 | Lair:2   | Gained mutation: Your flesh is heat resistant. (rF+)
                  | [Djinni growth]
 11521 | Lair:2   | Gained mutation: You have an increased reservoir of magic.
                  | (+10% MP) [Djinni growth]
 11521 | Lair:2   | Gained mutation: You have a considerably increased
                  | reservoir of magic. (+20% MP) [Djinni growth]
 11521 | Lair:2   | Reached XP level 12. HP: 104/104 MP: 28/28
 11549 | Lair:2   | Reached skill level 9 in Conjurations
 11670 | Lair:2   | Reached skill level 10 in Fighting
 11708 | Lair:2   | Found a hole to the Spider Nest.
 12464 | Lair:3   | Noticed a five-headed hydra
 12469 | Lair:3   | Killed a five-headed hydra
 12470 | Lair:3   | Reached skill level 9 in Dodging
 12594 | Lair:3   | Reached skill level 10 in Conjurations
 13309 | Lair:4   | Found a staircase to the Shoals.
 13337 | Lair:4   | Reached skill level 11 in Fighting
 13459 | Lair:3   | Offered knowledge of Bolt of Cold by Vehumet.
 13474 | Lair:3   | Learned a level 6 spell: Bolt of Cold
 13716 | Lair:4   | Reached skill level 1 in Ice Magic
 14216 | Lair:5   | Reached skill level 10 in Dodging
 14216 | Lair:5   | Reached XP level 13. HP: 56/115 MP: 30/30
 14257 | Lair:4   | Reached skill level 2 in Ice Magic
 14444 | Lair:5   | Reached skill level 11 in Conjurations
 14473 | Lair:5   | Found a viscous altar of Jiyva.
 14473 | Lair:5   | Found a staircase to the Slime Pits.
 15245 | Lair:6   | Entered Level 6 of the Lair of Beasts
 15306 | Lair:6   | Reached skill level 3 in Ice Magic
 16147 | Lair:6   | Reached skill level 4 in Ice Magic
 16234 | Lair:6   | Reached skill level 12 in Fighting
 16365 | Lair:6   | HP: 1/118 [alligator (12)]
 16366 | Lair:6   | Slain by an alligator

Vanquished Creatures
  Gastronok (Lair:1)
  Harold (Lair:2)
  A hydra (Lair:3)
  A death yak (Lair:6)
  A goliath frog (Lair:5)
  A manticore (Lair:4)
  3 elephants
  5 black mambas
  11 cane toads
  3 rime drakes
  7 komodo dragons
  A troll (D:10)
  3 polar bears (Lair:6)
  4 hornets
  A slime creature (D:10)
  19 blink frogs
  A raiju (Lair:6)
  13 hippogriffs
  24 yaks
  A vampire (D:10)
  A wyvern (Lair:5)
  3 basilisks
  A hungry ghost (D:8)
  4 wargs
  7 hell hounds (Lair:6)
  9 crocodiles
  7 water moccasins
  Duvessa (D:5)
  4 porcupines
  12 black bears
  An ice beast (D:7)
  A phantom (D:8)
  6 necrophages (Lair:2)
  3 ogres
  3 orc warriors
  17 wolves
  11 bullfrogs
  3 kobold brigands
  2 centaurs (D:7)
  Dowan (D:5)
  A gnoll sergeant (D:4)
  A wyvern skeleton (D:9)
  9 scorpions
  A hornet simulacrum (D:9)
  3 killer bees (D:8)
  2 electric eels (D:10)
  2 howler monkeys
  3 orc priests (D:8)
  A crimson imp (D:5)
  A lava snake (Lair:6)
  2 bullfrog zombies
  7 hounds
  10 orc wizards
  3 jellies
  2 bullfrog skeletons (D:5)
  3 iguanas
  7 hell rats
  6 worker ants
  A hound zombie (D:5)
  A hound skeleton (D:6)
  Robin (D:2)
  A gnoll (D:2)
  13 adders
  3 shadow imps
  3 oozes (D:1)
  An adder zombie (D:6)
  7 worms
  7 dart slugs
  2 leopard geckos
  25 orcs
  6 bats
  5 giant cockroaches
  13 goblins
  10 hobgoblins
  14 jackals
  7 quokkas
  5 frilled lizards
  A jackal skeleton (D:6)
  15 kobolds
  4 rats
  3 fungi
  2 plants
413 creatures vanquished.

Vanquished Creatures (others)
  10 fungi (Lair:6)
  15 plants
25 creatures vanquished.

Grand Total: 438 creatures vanquished

Table legend:
 A = Turns spent in this place as a percentage of turns spent in the entire game.
 B = Non-inter-level travel turns spent in this place as a percentage of non-inter-level travel turns spent in the entire game.
 C = Inter-level travel turns spent in this place as a percentage of turns spent in this place.
 D = Turns resting spent in this place as a percentage of non-inter-level travel turns spent in this place.
 E = Turns spent auto-exploring this place as a percentage of non-inter-level travel turns spent in this place.
 F = Non-inter-level travel turns spent in this place divided by the number of levels of this place that you've seen.
                   A       B       C       D       E      F
               +-------+-------+-------+-------+-------+----------------------
         Total | 100.0 | 100.0 |   3.4 |   7.0 |  73.4 | 988.2
       Dungeon |  61.8 |  61.4 |   3.9 |   6.7 |  73.5 | 970.8
          Lair |  38.2 |  38.6 |   2.5 |   7.3 |  73.2 | 1017.3
               +-------+-------+-------+-------+-------+----------------------

Table legend:
 A = Non-vault XP
 B = Vault XP
 C = Vault XP percentage of total XP
 D = Non-vault monster count
 E = Vault monster count
 F = Vault count percentage of total count
                 A         B        C        D         E       F
            +---------+---------+-------+---------+---------+-------
      Total |   38737 |   14392 |  27.1 |     320 |      88 |  21.6
            +---------+---------+-------+---------+---------+-------
        D:1 |      67 |       0 |   0.0 |      24 |       0 |   0.0
        D:2 |      71 |      37 |  34.3 |      25 |      13 |  34.2
        D:3 |      96 |     156 |  61.9 |      11 |       7 |  38.9
        D:4 |     217 |      80 |  26.9 |      13 |       1 |   7.1
        D:5 |     751 |     262 |  25.9 |      25 |       3 |  10.7
        D:6 |     403 |       0 |   0.0 |      13 |       0 |   0.0
        D:7 |    1618 |       0 |   0.0 |      36 |       0 |   0.0
        D:8 |    2854 |     771 |  21.3 |      26 |      12 |  31.6
        D:9 |     523 |       0 |   0.0 |       8 |       0 |   0.0
       D:10 |    1663 |     220 |  11.7 |      16 |       1 |   5.9
     Lair:1 |    3019 |    5515 |  64.6 |      11 |       5 |  31.2
     Lair:2 |    4965 |    2018 |  28.9 |      24 |      15 |  38.5
     Lair:3 |    6988 |       0 |   0.0 |      33 |       0 |   0.0
     Lair:4 |    5202 |     945 |  15.4 |      20 |       3 |  13.0
     Lair:5 |    3928 |       0 |   0.0 |      13 |       0 |   0.0
     Lair:6 |    6372 |    4388 |  40.8 |      22 |      28 |  56.0
            +---------+---------+-------+---------+---------+-------
